 Seeded DCSS version 0.29.1 (webtiles) character file.

Game seed: 3121381558354691732 (custom seed)

1 groovy9 the Trooper (level 1, 19/19 HPs)
             Began as a Hill Orc Fighter on Sept 14, 2022.
             Quit the game on level 1 of the Dungeon.
             The game lasted 00:01:16 (180 turns).

groovy9 the Trooper (Hill Orc Fighter)               Turns: 180, Time: 00:01:17

Health: 19/19      AC: 10    Str: 18    XL:     1   Next: 20%
Magic:  1/1        EV:  9    Int:  8    God:
Gold:   988        SH:  4    Dex: 12    Spells: 0/0 levels left

rFire   . . .      SeeInvis .   a - +0 war axe
rCold   . . .      Faith    .   c - +0 buckler
rNeg    . . .      Spirit   .   b - +0 scale mail
rPois   .          Reflect  .   (no helmet)
rElec   .          Harm     .   (no cloak)
rCorr   .          Rampage  .   (no gloves)
Will    +....                   f - +2 pair of boots {Fly}
Stlth   +.........              (no amulet)
HPRegen 0.06/turn               g - ring of Xaot Qei {Will+ Dex+2 Stlth+}
MPRegen 0.07/turn               (no ring)

@: flying
A: no striking features
a: no special abilities


You were on level 1 of the Dungeon.
You visited 1 branch of the dungeon, and saw 1 of its levels.

You collected 988 gold pieces.

Inventory:

Hand Weapons
 a - a +0 war axe (weapon)
Armour
 b - a +0 scale mail (worn)
 c - a +0 buckler (worn)
 f - a +2 pair of boots of flying (worn)
Jewellery
 g - the ring of Xaot Qei (left hand) {Will+ Dex+2 Stlth+}
   (You acquired it on level 1 of the Dungeon)

   [ring of willpower]

   Dex:       It affects your dexterity (+2).
   Will:      It increases your willpower.
   Stlth:     It makes you more stealthy.
Scrolls
 e - a scroll of identify {unknown}
Potions
 d - a potion of might


   Skills:
 - Level 3.6 Fighting
 + Level 2.9 Axes
 - Level 3.2 Armour
 - Level 3.2 Shields


You couldn't memorise any spells.
You didn't know any spells.
Your spell library was empty.

Dungeon Overview and Level Annotations

Branches:
Dungeon (1/15)

Altars:


Message History

You now have 25 gold pieces (gained 17).
Found a stone staircase leading down.
There is a stone staircase leading down here.
You now have 38 gold pieces (gained 13).
A goblin comes into view. It is wielding a +0 dagger.
The goblin shouts!
A goblin is nearby!
The goblin hits you but does no damage.
You completely miss the goblin. The goblin hits you with a +0 dagger.
You hit the goblin but do no damage. The goblin hits you but does no damage.
You slash the goblin!
You kill the goblin!
No target in view!
No target in view!
No target in view!
No target in view!
No target in view!
No target in view!
No target in view!
No target in view!
No target in view!
No target in view!
HP restored.
You see here a +0 dagger.
Found a stone staircase leading down.
f - 3 scrolls labelled FOERYJ HUOFICW This is a scroll of acquirement!
Something appears at your feet! Something appears at your feet!
Something appears at your feet!
f - a +2 pair of boots of flying
g - the ring of Xaot Qei {Will+ Dex+2 Stlth+} You now have 988 gold pieces (gained 950).
You start putting on your armour.
You continue putting on your +2 pair of boots of flying. x4
You finish putting on your +2 pair of boots of flying.
You fly up into the air.
You feel agile.
g - the ring of Xaot Qei (left hand) {Will+ Dex+2 Stlth+} Are you sure you want to abandon this character and quit the game? (Confirm with "yes".)

#.# #.# #.##..#.####
#.# #.# #.##..#.# #.#
#.# #.##..#.# #.#
#.#####.##..#.# #.
#.##....##..#..
#...........##.
##...#####...# .
#>####..P#.P.P.#...#.#
.......@#.#####P#...(
#####.P#.#.. #... #.#
#.### #.. #. .# .. #.
. # .. .. ..#


There were no monsters in sight!

Vanquished Creatures
  A goblin (D:1)
1 creature vanquished.

Notes
Turn   | Place    | Note
-------+----------+-------------------------------------------
     0 | D:1      | groovy9 the Hill Orc Fighter began the quest for the Orb.
     0 | D:1      | Reached XP level 1. HP: 19/19 MP: 1/1
   170 | D:1      | Identified 3 scrolls of acquirement
   170 | D:1      | Acquired 950 gold pieces
   171 | D:1      | Acquired the ring of Xaot Qei {Will+ Dex+2 Stlth+}
   172 | D:1      | Acquired a +2 pair of boots of flying
   180 | D:1      | Quit the game

Illustrated notes

Levels and vault maps discovered:
D:1:      minmay_arrival_glassed_features, layout_loops_ring,
          shapermc_ecumenical_altar_rom_forum, nicolae_kite_square_tiling_tiny

Action                   || total
-------------------------++-------
Melee: War axe           ||     3
  Use: Scroll            ||     3
Armor: Scale mail        ||     2
